 Dungeon Crawl Stone Soup version 0.31-a0-174-g85c54bcb58 (webtiles) character file.

Game seed: 3907601627142179568

112 qw the Chopper (level 4, -1/28 HPs)
             Began as a Gargoyle Fighter on June 15, 2023.
             Slain by Grinder (2 damage)
             ... on level 2 of the Dungeon.
             The game lasted 00:00:47 (1804 turns).

qw the Chopper (Gargoyle Fighter)                   Turns: 1804, Time: 00:00:47

Health: -1/28      AC: 11    Str: 21    XL:     4   Next: 93%
Magic:  4/4        EV:  9    Int:  9    God:
Gold:   10         SH:  4    Dex:  9    Spells: 3/3 levels left

rFire   . . .        Y - +0 war axe
rCold   . . .        c - +0 buckler
rNeg    + . .        b - +0 scale mail
rPois   inf          (no helmet)
rElec   +            (no cloak)
rCorr   +            m - +0 pair of gloves
SInv    .            (no boots)
Will    .....        (no amulet) Stlth
                     g - ring of resist corrosion
HPRegen 0.24/turn    (no ring)
MPRegen 0.09/turn

%: no passive effects
@: about to teleport
A: sickness immunity, AC +3, negative energy resistance 1, electricity
resistance, torment resistance 1, petrification resistance
a: no special abilities


You were on level 2 of the Dungeon.
You visited 1 branch of the dungeon, and saw 3 of its levels.

You collected 106 gold pieces.
You spent 96 gold pieces at shops.


Innate Abilities, Weirdness & Mutations

You are immune to sickness and miasma.
Your stone body is resilient. (AC +3)
You are immune to poison.
You resist negative energy. (rN+)
You are resistant to electric shocks. (rElec)
You are resistant to unholy torment.
You are immune to petrification.


   Skills:
 - Level 3.2 Fighting
 + Level 4.5 Axes
 - Level 3.2 Armour
 - Level 3.2 Shields


You had 3 spell levels left.
You didn't know any spells.
Your spell library was empty.

Inventory:

Hand Weapons
 i - a +0 mace
 Y - a +0 war axe (weapon)
Missiles
 f - 3 boomerangs (quivered)
Armour
 b - a +0 scale mail (worn)
 c - a +0 buckler (worn)
 m - a +0 pair of gloves (worn)
Jewellery
 g - a ring of resist corrosion (left hand)
Scrolls
 h - 4 scrolls of teleportation
 j - a scroll of identify
Potions
 a - a potion of attraction
 d - 3 potions of might
 e - a potion of invisibility {unknown}
 l - a potion of haste

Dungeon Overview and Level Annotations

Branches:
Dungeon (3/15)

Altars:

Shops:
D:2 *?[

Annotations:
D:2 Grinder


Message History

What level of the Dungeon? (default 1, ? - help)
You climb downwards.
Level annotation: Grinder
There is a stone staircase leading up here.
Grinder is nearby!
1790 ||| Stepping ~*~*~tactically~*~*~ (hiding).
You start waiting.
Grinder is nearby!
There is a stone staircase leading up here.
You completely miss Grinder.
Grinder is heavily wounded.
Grinder gestures at you.
You suddenly lose the ability to move!
Grinder hits you but does no damage. Grinder hits you.
You writhe in agony.
Grinder completely misses you. Grinder gestures at you.
You shrug off the repeated paralysis!
You can move again.
1798 ||| STAIRDANCE You block Grinder's attack.
You climb upwards.
There is a stone staircase leading down here.
You closely miss Grinder.
Grinder is heavily wounded.
Grinder hits you!
You writhe in agony.
You closely miss Grinder.
Grinder is heavily wounded.
Grinder barely misses you. Grinder hits you but does no damage.
You hit Grinder but do no damage.
Grinder is heavily wounded.
Grinder hits you!
You writhe in agony.
1803 ||| READING 5 scrolls of teleportation.
As you read the scroll of teleportation, it crumbles to dust.
You feel strangely unstable. Grinder hits you.
You writhe in agony.
You hit Grinder but do no damage.
Grinder is heavily wounded.
Grinder hits you.
You die...

###
#@################
###.5.........>.....
#.....#.............
#.#.................
#.#.###.##..........
#.#......#........~~
#.#......#.####.##~\
#.#......#.# #.##~~
#.#......#.####.####


You could see Grinder.

Vanquished Creatures
  Jessica (D:2)
  3 adders (D:2)
  2 dart slugs (D:1)
  3 endoplasms
  13 giant cockroaches (D:2)
  4 goblins
  4 hobgoblins
  A quokka (D:1)
  3 ball pythons
  5 bats
  A frilled lizard (D:1)
  8 kobolds
  2 rats
50 creatures vanquished.

Notes
Turn   | Place    | Note
-------+----------+-------------------------------------------
     0 | D:1      | qw the Gargoyle Fighter began the quest for the Orb.
     0 | D:1      | Reached XP level 1. HP: 14/14 MP: 1/1
     0 | D:1      | 0 ||| qw: Version: 0.2-a-29-g511e9b1
     0 | D:1      | 0 ||| qw: Game counter: 5626
     0 | D:1      | 0 ||| qw: Always use a shield: true
     0 | D:1      | 0 ||| qw: God list: Okawaru
     0 | D:1      | 0 ||| qw: Allow faded altars: false
     0 | D:1      | 0 ||| qw: Do Orc after D:15 true
     0 | D:1      | 0 ||| qw: Do second Lair branch before Depths: true
     0 | D:1      | 0 ||| qw: Lair rune preference: random
     0 | D:1      | 0 ||| qw: Plans: Normal, Zot:1-4, Slime:5, God:TSO, Crypt,
                  | Tomb, Abyss, Pan, Hells, Win
     0 | D:1      | 0 ||| PLANNING D:1-11
   202 | D:1      | Reached skill level 2 in Axes
   386 | D:1      | 386 ||| Stepping ~*~*~tactically~*~*~ (stealth).
   396 | D:1      | Reached XP level 2. HP: 15/19 MP: 2/2
   508 | D:1      | 508 ||| Stepping ~*~*~tactically~*~*~ (stealth).
   509 | D:1      | 509 ||| Stepping ~*~*~tactically~*~*~ (stealth).
   511 | D:1      | 511 ||| Stepping ~*~*~tactically~*~*~ (stealth).
   694 | D:1      | 694 ||| Stepping ~*~*~tactically~*~*~ (stealth).
   873 | D:1      | 873 ||| UPGRADING to ring of resist corrosion.
   874 | D:1      | 874 ||| READING scroll labelled LITE PIHION.
   875 | D:1      | 875 ||| READING scroll labelled GIMAUC LIHOSTU.
   876 | D:1      | 876 ||| READING scroll labelled CUGHOF IPPE.
   911 | D:2      | 911 ||| STAIRDANCE
   915 | D:1      | Reached skill level 3 in Axes
   948 | D:2      | Reached XP level 3. HP: 20/23 MP: 3/3
   970 | D:2      | 970 ||| DROPPING +0 whip.
  1020 | D:2      | 1020 ||| Stepping ~*~*~tactically~*~*~ (stealth).
  1028 | D:2      | 1028 ||| Stepping ~*~*~tactically~*~*~ (stealth).
  1033 | D:2      | 1033 ||| Stepping ~*~*~tactically~*~*~ (stealth).
  1035 | D:2      | 1035 ||| Stepping ~*~*~tactically~*~*~ (stealth).
  1098 | D:2      | Reached XP level 4. HP: 28/28 MP: 4/4
  1164 | D:2      | Found Hauroabeor's Antique Armour Boutique.
  1169 | D:2      | 1169 ||| SHOPLISTING +2 hood of the Assassin {Detect Stab+
                  | Stlth++} (1200 gold, have 89).
  1169 | D:2      | 1169 ||| SHOPLISTING chain mail (90 gold, have 89).
  1169 | D:2      | 1169 ||| SHOPLISTING glowing cloak (150 gold, have 89).
  1169 | D:2      | 1169 ||| SHOPLISTING runed pearl dragon scales (2042 gold,
                  | have 89).
  1169 | D:2      | 1169 ||| SHOPLISTING twisted scale mail (180 gold, have
                  | 89).
  1189 | D:2      | Reached skill level 4 in Axes
  1307 | D:2      | Found Gotsic's Magic Scroll Shop.
  1316 | D:2      | 1316 ||| BUYING scroll of identify (24 gold).
  1316 | D:2      | Bought a scroll of identify for 24 gold pieces
  1316 | D:2      | 1316 ||| BUYING scroll of teleportation (36 gold).
  1316 | D:2      | Bought a scroll of teleportation for 36 gold pieces
  1316 | D:2      | 1316 ||| BUYING scroll of teleportation (36 gold).
  1316 | D:2      | Bought a scroll of teleportation for 36 gold pieces
  1316 | D:2      | 1316 ||| SHOPLISTING scroll of teleportation (36 gold, have
                  | 2).
  1338 | D:2      | Found Ice Vaph's Assorted Antiques.
  1347 | D:2      | Noticed Jessica
  1348 | D:2      | 1348 ||| SHOPLISTING runed leather armour (125 gold, have
                  | 10).
  1348 | D:2      | 1348 ||| SHOPLISTING white potion (22 gold, have 10).
  1348 | D:2      | 1348 ||| SHOPLISTING worn fluorescent wand (100 gold, have
                  | 10).
  1348 | D:2      | 1348 ||| Stepping ~*~*~tactically~*~*~ (hiding).
  1349 | D:2      | 1349 ||| Stepping ~*~*~tactically~*~*~ (hiding).
  1353 | D:2      | Killed Jessica
  1595 | D:2      | 1595 ||| UPGRADING to +0 pair of gloves.
  1600 | D:2      | 1600 ||| READING scroll labelled XIYS QEITHRIMNA.
  1701 | D:2      | 1701 ||| DRINKING 2 purple potions.
  1702 | D:2      | 1702 ||| READING 2 scrolls of identify.
  1702 | D:2      | 1702 ||| IDENTIFYING sedimented silvery potion
  1734 | D:3      | Noticed Grinder
  1735 | D:3      | 1735 ||| Stepping ~*~*~tactically~*~*~ (hiding).
  1745 | D:3      | 1745 ||| FLEEEEING.
  1746 | D:3      | 1746 ||| FLEEEEING.
  1747 | D:3      | 1747 ||| STAIRDANCE
  1790 | D:3      | 1790 ||| Stepping ~*~*~tactically~*~*~ (hiding).
  1793 | D:3      | Paralysed by Grinder for 5 turns
  1798 | D:3      | 1798 ||| STAIRDANCE
  1802 | D:2      | HP: 6/28 [Grinder (2)]
  1803 | D:2      | 1803 ||| READING 5 scrolls of teleportation.
  1803 | D:2      | HP: 1/28 [Grinder (3)]
  1804 | D:2      | Slain by Grinder

Levels and vault maps discovered:
D:1:      wander_arrival_chamber, layout_basic
D:2:      minmay_roachtagon, layout_basic, serial_shops, shop,
          nicolae_shop_tiny_waterfront, shop, uniq_jessica
D:3:      layout_rooms, nicolae_ru_awakened_eye, gammafunk_ghost_abyssal_escape,
          grunt_decor_mini_mirrors, minmay_misc_feat_iff, uniq_grinder

Skill      XL: |  1  2  3  4 |
---------------+-------------+-----
Axes           | 2 3 4 |  4.5
Fighting       | |  3.2
Armour         | |  3.2
Shields        | |  3.2

Action                     |  1- 3 |  4- 6 || total
---------------------------+-------+-------++-------
  Melee: War axe           |    86 |    24 ||   110
  Throw: Boomerang         |    25 |    20 ||    45
    Use: Scroll            |     3 |     3 ||     6
         Potion            |       |     1 ||     1
 Armour: Scale mail        |    56 |     9 ||    65
  Dodge: Dodged            |    45 |    11 ||    56
  Block: Buckler           |    21 |     3 ||    24

Table legend:
 A = Non-vault XP
 B = Vault XP
 C = Vault XP percentage of total XP
 D = Non-vault monster count
 E = Vault monster count
 F = Vault count percentage of total count
                 A         B        C        D         E       F
            +---------+---------+-------+---------+---------+-------
      Total |      97 |      63 |  39.4 |      36 |      14 |  28.0
            +---------+---------+-------+---------+---------+-------
        D:1 |      30 |       0 |   0.0 |      17 |       0 |   0.0
        D:2 |      67 |      63 |  48.5 |      19 |      14 |  42.4
            +---------+---------+-------+---------+---------+-------
